 Dungeon Crawl Stone Soup version 0.27-a0-1434-g6f15984924 (webtiles) character file.

Game seed: 847686213242942740

16 flotson the Sneak (level 2, -3/26 HPs)
             Began as a Draconian Delver on July 4, 2021.
             Slain by an orc (7 damage)
             ... on level 3 of the Dungeon.
             The game lasted 00:01:25 (297 turns).

flotson the Sneak (Draconian Delver)                 Turns: 297, Time: 00:01:26

Health: -3/26      AC:  4    Str: 14    XL:     2   Next: 41%
Magic:  2/2        EV: 12    Int: 10    God:
Gold:   14         SH:  0    Dex: 12    Spells: 1/1 levels left

rFire    . . .     SeeInvis .   a - +0 hand axe
rCold    . . .     Faith    .   (no shield)
rNeg     . . .     Spirit   .   (armour unavailable)
rPois    .         Reflect  .   (helmet restricted)
rElec    .         Harm     .   (no cloak)
rCorr    .         Rampage  .   (no gloves)
Will     .....                  (no boots)
Stlth    +++.......             (no amulet)
HPRegen  0.08/turn              (no ring)
MPRegen  0.08/turn              (no ring)

@: no status effects
A: AC +4, unfitting armour, cold-blooded
a: no special abilities


You were on level 3 of the Dungeon.
You visited 1 branch of the dungeon, and saw 3 of its levels.

You collected 14 gold pieces.

Inventory:

Hand Weapons
 a - a +0 hand axe (weapon)
 b - a +0 hunting sling
Missiles
 h - 17 stones (quivered)
Wands
 f - a wand of digging (3)
Scrolls
 c - a scroll of magic mapping
Potions
 e - a potion of haste


   Skills:
 + Level 3.6 Fighting
 + Level 2.3 Axes
 + Level 2.1 Dodging
 - Level 4.5 Stealth


You had one spell level left.
You didn't know any spells.
Your spell library was empty.

Dungeon Overview and Level Annotations

Branches:
Dungeon (5/15)
 Temple: D:4-7

Altars:


Innate Abilities, Weirdness & Mutations

Your plain brown scales are hard. (AC +4)
You cannot fit into any form of body armour.
You are cold-blooded and may be slowed by cold attacks.


Message History

You hit the frilled lizard.
You kill the frilled lizard!
You closely miss the orc. The orc hits you with a +0 flail.
You hit the orc.
Your tail-slap misses the orc.
The orc is moderately wounded.
The orc barely misses you. The orc hits you with a +0 flail!
You are too injured to fight recklessly!
You are too injured to fight recklessly!
You are too injured to fight recklessly!
You are too injured to fight recklessly!
You are too injured to fight recklessly!
You are too injured to fight recklessly!
You are too injured to fight recklessly!
You are too injured to fight recklessly!
You hit the orc but do no damage.
You tail-slap the orc, but do no damage.
The orc is lightly wounded.
The orc barely misses you.
You barely miss the orc.
You tail-slap the orc, but do no damage.
The orc is lightly wounded.
The orc barely misses you.
You hit the orc.
The orc is moderately wounded.
The orc hits you with a +0 flail.
* * * LOW HITPOINT WARNING * * *
You hit the orc but do no damage.
The orc is lightly wounded.
The orc hits you but does no damage.
You barely miss the orc.
Your tail-slap misses the orc.
The orc is lightly wounded.
The orc hits you with a +0 flail.
* * * LOW HITPOINT WARNING * * *
You closely miss the orc.
The orc is lightly wounded.
The orc barely misses you.
You hit the orc.
Your tail-slap misses the orc.
The orc is heavily wounded.
The orc barely misses you. The orc hits you with a +0 flail!
You die...

...............#
...............#
..............##
..............+
...###....l...#
... #........#
## #........#
#........####
#........'o@+
##.......####
#########


You could see an orc.

Vanquished Creatures
  A worm (D:4)
  2 giant cockroaches
  3 goblins (D:4)
  3 hobgoblins
  2 frilled lizards (D:3)
  A kobold (D:3)
12 creatures vanquished.

Notes
Turn   | Place    | Note
-------+----------+-------------------------------------------
     0 | D:5      | flotson the Draconian Delver began the quest for the Orb.
     0 | D:5      | Reached XP level 1. HP: 19/19 MP: 1/1
    18 | D:4      | Noticed an iguana
   192 | D:4      | Reached XP level 2. HP: 25/26 MP: 2/2
   297 | D:3      | Slain by an orc

Illustrated notes

Levels and vault maps discovered:
D:3:      layout_basic, minmay_vboxes
D:4:      layout_basic
D:5:      layout_gridville

Skill      XL: |  1 |
---------------+----+-----
Dodging        | 2 |  2.1
Fighting       | |  3.6
Axes           | |  2.3
Stealth        | |  4.5

Action                   || total
-------------------------++-------
Melee: Hand axe          ||    25
       Tailslap          ||     3
 Fire: Hunting sling     ||    23
  Use: Scroll            ||     2
Armor: Skin              ||    16
Dodge: Dodged            ||    18

Table legend: (Time is in decaauts)
 A = Elapsed time spent in this place.
 B = Non-inter-level travel time spent in this place.
 C = Inter-level travel time spent in this place.
 D = Time resting spent in this place.
 E = Time spent auto-exploring this place.
 F = Levels seen in this place.
 G = Mean time per level.
                   A        B        C        D        E       F      G
               +--------+--------+--------+--------+--------+-----+--------+
         Total |    304 |    304 |      0 |      0 |     97 |   3 |  101.3 |
       Dungeon |    304 |    304 |      0 |      0 |     97 |   3 |  101.3 |
               +--------+--------+--------+--------+--------+-----+--------+

Top non-repeatable levels by time:
     D:4: 234 daAuts
     D:3: 64 daAuts
     D:5: 6 daAuts
